 Dungeon Crawl Stone Soup version 0.28.0-53-g5a82cb258f (webtiles) character file.

Game seed: 4504571172039932196

63 Descartes the Ducker (level 3, -7/19 HPs)
             Began as a Deep Elf Wanderer on July 17, 2022.
             Mangled by Terence
             ... wielding a +0 flail
              (8 damage)
             ... on level 3 of the Dungeon.
             The game lasted 00:05:10 (2724 turns).

Descartes the Ducker (Deep Elf Wanderer)            Turns: 2724, Time: 00:05:11

Health: -7/19      AC:  5    Str: 10    XL:     3   Next: 87%
Magic:  1/11       EV: 13    Int: 18    God:
Gold:   97         SH:  0    Dex: 13    Spells: 10/11 levels left

rFire   . . .      SeeInvis .   h - +0 whip (elec)
rCold   . . .      Faith    .   (no shield)
rNeg    . . .      Spirit   .   c - +2 leather armour
rPois   .          Reflect  .   (no helmet)
rElec   .          Harm     .   (no cloak)
rCorr   .          Rampage  .   (no gloves)
Will    +....                   (no boots)
Stlth   ++........              (no amulet)
HPRegen 0.06/turn               n - ring of willpower
MPRegen 0.12/turn               (no ring)

@: no status effects
A: no striking features
a: no special abilities


You were on level 3 of the Dungeon.
You visited 1 branch of the dungeon, and saw 3 of its levels.

You collected 97 gold pieces.

Inventory:

Hand Weapons
 a - a +0 dagger
 h - a +0 whip of electrocution (weapon)
Missiles
 i - 10 stones
Armour
 c - a +2 leather armour (worn)
Magical Staves
 o - a staff of conjuration
Jewellery
 e - a ring of ice
 n - a ring of willpower (left hand)
 p - a ring of ice
Scrolls
 b - a scroll of vulnerability
 l - a scroll of teleportation {unknown}
 m - a scroll of identify {unknown}
Potions
 d - 2 potions of heal wounds {unknown}
 g - 2 potions of lignification {unknown}
 j - a potion of curing {unknown}


   Skills:
 + Level 0.3 Armour
 + Level 5.1 Dodging
 + Level 2.0 Stealth
 + Level 4.7 Spellcasting
 + Level 1.1 Conjurations
 + Level 1.3 Transmutations
 + Level 2.6 Fire Magic
 + Level 1.2 Poison Magic


You had 10 spell levels left.
You knew the following spells:

 Your Spells              Type           Power      Damage    Failure   Level
a - Foxfire               Conj/Fire      44%        2x1d6     9%          1

Your spell library contained the following spells:

 Spells                   Type           Power      Damage    Failure   Level
 Summon Small Mammal      Summ           16%        N/A       19%         1
 Ignite Poison            Fire/Tmut/Pois 10%        N/A       28%         3
 Call Canine Familiar     Summ           4%         N/A       50%         3
 Summon Guardian Golem    Hex/Summ       4%         N/A       50%         3


Dungeon Overview and Level Annotations

Branches:
Dungeon (3/15)

Altars:

Shops:
D:1 ?

Annotations:
D:3 Terence


Message History

Your frilled lizard dissolves into shadows!
The foxfire hits something but does no damage.
Casting: Foxfire (safe; 9% risk of failure)
Confirm with . or Enter, or press ? or * to list all spells.
You conjure some foxfire!
The foxfire hits something but does no damage. x2
The foxfire hits something.
Something hits you but does no damage.
Unknown command.
Unknown command.
Casting: Foxfire (safe; 9% risk of failure)
Confirm with . or Enter, or press ? or * to list all spells.
You conjure some foxfire!
The foxfire hits something but does no damage. x2
Something hits you.
Casting: Foxfire (safe; 9% risk of failure)
Confirm with . or Enter, or press ? or * to list all spells.
You conjure some foxfire!
The foxfire hits something but does no damage. x2
Something hits you.
Unknown command.
Casting: Foxfire (safe; 9% risk of failure)
Confirm with . or Enter, or press ? or * to list all spells.
You conjure some foxfire!
The foxfire hits something.
The foxfire hits something but does no damage.
Something hits you.
Unknown command.
Unknown command.
Casting: Foxfire (safe; 9% risk of failure)
Confirm with . or Enter, or press ? or * to list all spells.
You conjure some foxfire!
The foxfire hits something.
The foxfire hits something but does no damage.
Something hits you!
* * * LOW HITPOINT WARNING * * *
Unknown command.
Casting: Foxfire (safe; 9% risk of failure)
Confirm with . or Enter, or press ? or * to list all spells.
You conjure some foxfire!
The foxfire hits something but does no damage.
The foxfire hits something.
Something hits you!
You die...

..# ## ..# #.. ..# #.#
##..# #.# #... ##
####.#####.### # #P.
♣..P.........#.#.. ##♣..
♣≈....P..........#
P...♣♣≈≈...P.#v@.###..
♣≈♣≈≈≈≈♣.P...v§...# .
♣≈≈≈≈≈...P###....<...#
P.♣≈≈♣≈...P.......#.#.##
...≈≈≈...P......###.# #
....PP.....###### .
.##.#..#.#.# #.... #
#....#.# #...## .# #
#.#....#.# #...# .# .#


There were no monsters in sight!

Vanquished Creatures
  2 adders (D:2)
  A worm (D:2)
  3 dart slugs
  4 endoplasms
  4 goblins
  4 hobgoblins
  7 kobolds
  A quokka (D:2)
  2 bats (D:2)
  A frilled lizard (D:1)
  7 rats
36 creatures vanquished.

Vanquished Creatures (others)
  176 foxfires
176 creatures vanquished.

Grand Total: 212 creatures vanquished

Notes
Turn   | Place    | Note
-------+----------+-------------------------------------------
     0 | D:1      | Descartes the Deep Elf Wanderer began the quest for the
                  | Orb.
     0 | D:1      | Descartes set off with the following items: a +0 dagger, a
                  | scroll of vulnerability, a +2 leather armour; and the
                  | following spell memorised: Foxfire; and the following
                  | spells available to memorise: Ignite Poison
     0 | D:1      | Reached XP level 1. HP: 10/10 MP: 7/7
   201 | D:1      | Reached XP level 2. HP: 12/15 MP: 5/9
   278 | D:1      | Found Ceyvvoi's Magic Scroll Boutique.
   573 | D:1      | Reached skill level 5 in Dodging
   921 | D:1      | Found a faded altar of an unknown god.
  1423 | D:2      | Reached skill level 1 in Transmutations
  1423 | D:2      | Reached XP level 3. HP: 19/19 MP: 7/11
  1638 | D:2      | Reached skill level 1 in Conjurations
  1766 | D:2      | Reached skill level 1 in Poison Magic
  2704 | D:3      | Noticed Terence
  2724 | D:3      | Mangled by Terence

Illustrated notes

Levels and vault maps discovered:
D:1:      dpeg_arrival_pits, layout_loops_ring,
          chequers_ecumenical_altar_island, serial_shops, shop,
          minmay_misc_feat_tower
D:2:      layout_basic, serial_glass, glass_columns_c, glass_columns_a,
          item_on_display_a
D:3:      layout_loops_cross, gup_sewer_entry_pipe,
          chequers_serial_rivers_small_3, kennysheep_cluttered_room,
          corner_web_ring, serial_bayou_pond_a, uniq_terence, uniq_ijyb,
          uniq_natasha

Skill      XL: |  1  2  3 |
---------------+----------+-----
Dodging        | 5 |  5.1
Transmutations | 1 |  1.3
Conjurations   | 1 |  1.1
Poison Magic   | 1 |  1.2
Stealth        | 2 |  2.0
Armour         | |  0.3
Spellcasting   | |  4.7
Fire Magic     | |  2.6

Action                   || total
-------------------------++-------
 Cast: Foxfire           ||   113
  Use: Scroll            ||     2
Armor: Leather armour    ||     7
Dodge: Dodged            ||    22
